AoeStats
← [KMNB] Bandeira

MegaRandom

509232409Analyzed
2v2 RM · 6d ago on Sep 26, 2026· 32m 46s· 4 players
Game mode
Random Map
Map size
Medium (4 player)
Population
200
Speed
Normal
Resources
Standard
Victory
Conquest
Starting age
Dark Age
Ending age
Imperial Age
RankedLock teamsTeams togetherTeam positionsShared explorationLock speedFull tech treeHidden civsTurbo modeCheats
Victory
Defeat
🇧🇷 Magyars · Brazil
1547
+20
🇧🇷 Vikings · Brazil
1496
+21
🇨🇴 Britons · Colombia
1623
-21
🇨🇴 Mongols · Colombia
1622
-20
[KMNB] Bandeira
4:53 Loom
7:54 Loom
10:43 Feudal Age
15:51 Double-Bit Axe
19:29 Scale Barding Armor
26:58 Castle Age
25:53 Gold Mining
27:00 Light Cavalry
27:51 Bloodlines
29:52 Chain Barding Armor
30:18 Husbandry
30:53 Horse Collar
31:26 Bow Saw
[KMNB] Galodoido
8:33 Loom
11:04 Feudal Age
15:05 Castle Age
13:40 Double-Bit Axe
15:14 Fletching
16:18 Bodkin Arrow
17:21 Crossbowman
20:38 Padded Archer Armor
21:10 Ballistics
24:03 Bow Saw
26:22 Leather Archer Armor
27:32 Gold Mining
27:23 Horse Collar
28:41 Heavy Plow
29:23 Stone Mining
30:09 Gold Shaft Mining
30:05 Fishing Lines
30:37 Clinker Construction
35:12 Imperial Age
[LGe]_algo
9:00 Feudal Age
9:40 Double-Bit Axe
11:40 Horse Collar
17:21 Scale Barding Armor
18:59 Loom
22:37 Castle Age
24:52 Bow Saw
33:13 Medium Warships
pepinyeah0
7:04 Loom
9:42 Feudal Age
10:14 Double-Bit Axe
13:31 Fletching
19:55 Wheelbarrow
22:22 Castle Age
21:07 Padded Archer Armor
23:00 Bodkin Arrow
22:34 Crossbowman
24:34 Bow Saw
24:54 Gold Mining
30:36 Ballistics
Connection lost

Rejoining the realm…

Still unreachable

The connection could not be restored.

Session expired

The server has moved on; the page needs a fresh start.